 Dungeon Crawl Stone Soup version 0.28.0-45-g0d030f2227 (webtiles) character file.

Game seed: 15459518119083943447

9214 H0rd4k the Thaumaturge (level 11, -1/56 HPs)
             Began as a Deep Elf Hedge Wizard on Apr 5, 2022.
             Was an Initiate of Gozag.
             Slain by Erica
             ... wielding a +1 scimitar of flaming
              (4 damage)
             ... on level 2 of the Lair of Beasts.
             The game lasted 00:32:09 (16277 turns).

H0rd4k the Thaumaturge (Deep Elf Hedge Wizard)     Turns: 16277, Time: 00:32:09

Health: -1/56      AC: 15    Str:  7    XL:     11   Next: 20%
Magic:  18/31      EV: 12    Int: 27    God:    Gozag
Gold:   810        SH:  0    Dex: 20    Spells: 20/38 levels left

rFire   . . .      SeeInvis .   s - +1 short sword (venom)
rCold   . . .      Faith    .   (no shield)
rNeg    . . .      Spirit   .   F - +5 ring mail of Mikkovutt {Int+3}
rPois   .          Reflect  .   C - +1 helmet
rElec   .          Harm     .   (no cloak)
rCorr   .          Rampage  .   m - +2 pair of gloves
Will    +....                   (no boots)
Stlth   +.........              v - amulet of regeneration
HPRegen 0.98/turn               w - +6 ring of dexterity
MPRegen 0.22/turn               G - ring of wizardry

@: confused, lethally poisoned (-1 -> -2)
A: no striking features
a: Renounce Religion, Potion Petition, Call Merchant, Bribe Branch


You were on level 2 of the Lair of Beasts.
You worshipped Gozag.
Gozag was pleased with you.
You visited 3 branches of the dungeon, and saw 13 of its levels.

You collected 1452 gold pieces.
You paid 642 gold pieces to Gozag.

Inventory:

Hand Weapons
 j - a +3 hunting sling
 q - a +1 dagger of flaming
 s - a +1 short sword of venom (weapon)
Missiles
 E - a throwing net
Armour
 m - a +2 pair of gloves (worn)
 C - a +1 helmet (worn)
 F - the +5 ring mail of Mikkovutt (worn) {Int+3}
   (You found it on level 8 of the Dungeon)

   Int:       It affects your intelligence (+3).
Jewellery
 v - an amulet of regeneration (around neck)
 w - a +6 ring of dexterity (left hand)
 G - a ring of wizardry (right hand)
Wands
 x - a wand of paralysis (6)
 H - a wand of digging (8)
Scrolls
 b - 2 scrolls of magic mapping
 d - 4 scrolls of teleportation
 f - 2 scrolls of amnesia
 o - a scroll of blinking
 r - a scroll of identify
 t - 4 scrolls of enchant weapon
 u - a scroll of brand weapon
 y - 4 scrolls of fear
Potions
 a - a potion of invisibility {unknown}
 c - a potion of might {unknown}
 e - a potion of resistance {unknown}
 g - 6 potions of heal wounds
 h - 4 potions of mutation
 i - a potion of lignification
 k - 6 potions of curing
 l - 3 potions of brilliance
 n - a potion of flight {unknown}
 p - 5 potions of attraction
 z - 2 potions of haste
 I - a potion of degeneration {unknown}


   Skills:
 + Level 1.0 Fighting
 + Level 1.9 Armour
 + Level 6.0 Dodging
 + Level 2.6 Stealth
 + Level 14.0 Spellcasting
 + Level 9.8 Conjurations
 * Level 5.5 Summonings
 + Level 3.9 Translocations
 + Level 4.1 Fire Magic
 + Level 3.1 Air Magic
 + Level 4.0 Poison Magic
 + Level 2.7 Evocations


You had 20 spell levels left.
You knew the following spells:

 Your Spells              Type           Power      Damage    Failure   Level
a - Magic Dart            Conj           100%       1d8       1%          1
b - Blink                 Tloc           80%        N/A       1%          2
c - Conjure Flame         Conj/Fire      54%        6-21      1%          3
d - Mephitic Cloud        Conj/Pois/Air  49%        N/A       1%          3
e - Summon Lightning Spi  Summ/Air       42%        N/A       6%          4
f - Summon Forest         Summ/Tloc      22%        N/A       16%         5

Your spell library contained the following spells:

 Spells                   Type           Power      Damage    Failure   Level
 Apportation              Tloc           80%        N/A       1%          1
 Summon Small Mammal      Summ           100%       N/A       1%          1
 Call Imp                 Summ           48%        N/A       1%          2
 Searing Ray              Conj           100%       2d8       1%          2
 Call Canine Familiar     Summ           48%        N/A       1%          3
 Animate Skeleton         Necr           38%        N/A       4%          1
 Freeze                   Ice            76%        1d9       4%          1
 Slow                     Hex            76%        N/A       4%          1
 Portal Projectile        Hex/Tloc       58%        N/A       4%          3
 Spider Form              Tmut/Pois      30%        N/A       4%          3
 Fulminant Prism          Conj/Hex       22%        3d13      4%          4
 Hailstorm                Conj/Ice       45%        3d10      4%          4
 Ensorcelled Hibernation  Hex/Ice        38%        N/A       6%          2
 Confusing Touch          Hex            19%        N/A       12%         3
 Frozen Ramparts          Ice            38%        1d5       12%         3
 Vampiric Draining        Necr           19%        2d7       12%         3
 Summon Mana Viper        Hex/Summ       33%        N/A       32%         5
 Anguish                  Hex/Necr       9%         N/A       34%         4
 Leda's Liquefaction      Hex/Erth       9%         N/A       34%         4
 Summon Cactus Giant      Summ           24%        N/A       50%         6
 Yara's Violent Unravell  Hex/Tmut       9%         3d6       67%         5
 Enfeeble                 Hex            9%         N/A       100%        7
 Storm Form               Tmut/Air       13%        N/A       100%        7
 Maxwell's Capacitive Co  Air            18%        ∞         100%        8


Dungeon Overview and Level Annotations

Branches:
Dungeon (10/15)            Temple (1/1) D:6            Lair (2/6) D:9
 Spider (0/4) Lair:2          Orc (0/2) D:9
  Swamp: Lair:2-4    Shoals: Lair:2-4

Altars:
Ashenzari
Cheibriados
Dithmenos
Elyvilon
Fedhas
Gozag
Hepliaklqana
Kikubaaqudgha
Makhleb
Nemelex Xobeh
Okawaru
Qazlal
Ru
Sif Muna
Trog
Uskayaw
Vehumet
Wu Jian
Xom
Yredelemnul
Zin
The Shining One
Beogh

Shops:
D:3 [   D:9 :

Annotations:
D:3 exclusion: 2 downstairs
D:4 exclusion: 2 downstairs
D:5 exclusions: downstairs and upstairs
D:6 exclusion: 2 downstairs
D:7 exclusion: 2 downstairs
D:8 Maggie
D:9 exclusion: 2 downstairs
Lair:2 Erica


Message History

Erica is engulfed in noxious fumes.
The magic dart hits Erica.
Erica is lightly wounded.
Erica is engulfed in noxious fumes.
The magic dart hits Erica but does no damage.
Erica is lightly wounded.
Erica is engulfed in blazing flames.
Erica barely misses you.
The magic dart hits Erica.
Erica is lightly wounded.
Erica is engulfed in blazing flames.
Erica laughs wildly.
Erica hits you with a +1 scimitar of flaming!
Erica burns you.
The magic dart hits Erica!
Erica is heavily wounded.
Erica is engulfed in blazing flames.
Erica casts a spell at you. You resist with some effort.
The magic dart hits Erica!
Erica is heavily wounded.
Erica is engulfed in blazing flames.
Erica points at you and mumbles some strange words.
You are confused.
You're too confused to cast spells.
You're too confused to cast spells.
You're too confused to cast spells.
Erica is engulfed in blazing flames.
Erica casts a spell at you. The bolt of poison hits you!!
You are poisoned.
Ouch! That really hurt!
You feel very sick. Erica gestures at you while chanting.
You resist with some effort.
You feel very sick.
Erica hits you with a +1 scimitar of flaming!
* * * LOW HITPOINT WARNING * * *
Erica burns you.
You die...
Your body crumbles into a pile of gold.

... .. ..@..# .. ..
...#. ..!. .... .#. ...#
#.. ##..## #.. ....#
#.#.####..## #...
#..@@.'...# ##....
#...####...# .#.....
##..# ##..## .#.......
##.###...## #...P.....##
#.. #P...#
...........####.####..##
...........##.#.PP#...#
......................#
......................#


You could see Erica.

Vanquished Creatures
  A two-headed ogre (D:10)
  Pikel (D:8)
  A manticore (D:9)
  An elephant (Lair:2)
  A cane toad (Lair:2)
  A rime drake (Lair:2)
  A komodo dragon (Lair:2)
  A kobold demonologist (D:8)
  A troll (D:6)
  Prince Ribbit (D:8)
  3 blink frogs
  A shadow (D:10)
  Sigmund (D:5)
  A steam dragon (D:9)
  5 vampire mosquitoes
  3 water moccasins
  3 orc warriors
  2 sky beasts (D:7)
  A necrophage (D:7)
  4 wolves (Lair:2)
  2 ogres
  A lemure (D:7)
  A centaur (D:9)
  A phantom (D:4)
  2 kobold brigands (D:8)
  6 bullfrogs
  A gnoll sergeant (D:7)
  A wyvern zombie (D:8)
  4 scorpions
  4 wights
  11 killer bees
  3 howler monkeys
  6 jellies
  A hound (D:6)
  6 centaur zombies
  A centaur skeleton (D:7)
  7 orc priests
  2 gnoll shamans
  2 iguanas
  7 orc wizards
  Ijyb (D:3)
  2 howler monkey zombies
  4 adders
  8 gnolls
  A shadow imp (D:8)
  2 white imps (D:7)
  6 worms
  34 orcs
  6 ball pythons
  3 endoplasms
  2 giant cockroaches
  6 goblins
  4 jackals
  3 quokkas
  7 bats
  3 frilled lizards
  5 hobgoblin zombies (D:7)
  6 kobolds
  A kobold skeleton (D:7)
  A kobold zombie (D:7)
  An orc skeleton (D:7)
  2 orc zombies (D:7)
  4 rats
215 creatures vanquished.

Vanquished Creatures (others)
  A jelly (D:5)
  12 fungi (Lair:2)
  13 plants
26 creatures vanquished.

Grand Total: 241 creatures vanquished

Notes
Turn   | Place    | Note
-------+----------+-------------------------------------------
     0 | D:1      | H0rd4k the Deep Elf Hedge Wizard began the quest for the
                  | Orb.
     0 | D:1      | Reached XP level 1. HP: 10/10 MP: 7/7
   387 | D:1      | Reached XP level 2. HP: 15/15 MP: 5/9
   705 | D:1      | Found a faded altar of an unknown god.
  1286 | D:2      | Reached skill level 5 in Spellcasting
  1434 | D:2      | Reached XP level 3. HP: 19/19 MP: 3/11
  1437 | D:2      | Learned a level 2 spell: Blink
  1441 | D:2      | Learned a level 3 spell: Conjure Flame
  1445 | D:2      | Learned a level 3 spell: Mephitic Cloud
  1747 | D:2      | Found a sparkling altar of Nemelex Xobeh.
  2490 | D:3      | Found Wimuziun's Armour Shoppe.
  2590 | D:3      | Reached skill level 1 in Air Magic
  2600 | D:3      | Noticed Ijyb
  2802 | D:4      | Reached XP level 4. HP: 24/24 MP: 8/13
  3489 | D:3      | Reached skill level 1 in Poison Magic
  3600 | D:3      | Found a basalt altar of Yredelemnul.
  3612 | D:3      | Reached XP level 5. HP: 28/28 MP: 9/15
  3703 | D:3      | Killed Ijyb
  4265 | D:3      | Reached skill level 1 in Fire Magic
  4808 | D:5      | Entered Level 5 of the Dungeon
  4882 | D:5      | Reached skill level 6 in Spellcasting
  4944 | D:5      | Reached XP level 6. HP: 32/32 MP: 6/17
  6094 | D:5      | Reached XP level 7. HP: 36/36 MP: 8/19
  6206 | D:5      | Reached skill level 7 in Spellcasting
  6676 | D:5      | Reached skill level 8 in Spellcasting
  6698 | D:5      | Noticed Sigmund
  6918 | D:5      | Killed Sigmund
  6919 | D:5      | Reached skill level 5 in Conjurations
  6919 | D:5      | Reached XP level 8. HP: 41/41 MP: 9/22
  7438 | D:6      | Noticed a troll
  7683 | D:6      | Killed a troll
  7684 | D:6      | Reached skill level 9 in Spellcasting
  7907 | D:6      | Found a staircase to the Ecumenical Temple.
  7918 | Temple   | Entered the Ecumenical Temple
  8100 | Temple   | Became a worshipper of Gozag Ym Sagoz the Greedy
  9071 | D:7      | Reached skill level 10 in Spellcasting
  9160 | D:7      | Reached skill level 5 in Dodging
  9160 | D:7      | Reached XP level 9. HP: 45/46 MP: 13/25
  9160 | D:7      | Found a glowing golden altar of the Shining One.
  9743 | D:7      | Reached skill level 11 in Spellcasting
 10991 | D:8      | Noticed Pikel
 10999 | D:8      | Killed Pikel
 11000 | D:8      | Reached skill level 12 in Spellcasting
 11300 | D:8      | Found a blossoming altar of Fedhas.
 11328 | D:8      | Noticed Maggie
 11378 | D:8      | Noticed Prince Ribbit
 11405 | D:8      | Killed Prince Ribbit
 11671 | D:8      | Noticed a kobold demonologist
 11687 | D:8      | Killed a kobold demonologist
 11688 | D:8      | Reached XP level 10. HP: 51/51 MP: 15/28
 11943 | D:8      | Identified the +5 ring mail of Mikkovutt {Int+3}
 12089 | D:9      | Found a staircase to the Lair.
 12108 | D:9      | Found a staircase to the Orcish Mines.
 12496 | D:9      | Noticed a manticore
 12833 | D:9      | Killed a manticore
 12937 | D:10     | Entered Level 10 of the Dungeon
 13053 | D:10     | Reached skill level 13 in Spellcasting
 13137 | D:10     | Noticed a two-headed ogre
 13350 | D:10     | Reached skill level 1 in Armour
 13393 | D:10     | Killed a two-headed ogre
 14043 | D:10     | Found a glowing silver altar of Zin.
 14838 | D:9      | Reached skill level 1 in Evocations
 14976 | D:9      | Learned a level 4 spell: Summon Lightning Spire
 14982 | D:9      | Learned a level 5 spell: Summon Forest
 14989 | Lair:1   | Entered Level 1 of the Lair of Beasts
 15115 | D:9      | Reached skill level 5 in Summonings
 15193 | Lair:1   | Noticed a swamp dragon
 15201 | Lair:1   | Noticed a cane toad
 15210 | Lair:2   | Noticed an elephant
 15214 | Lair:2   | Reached XP level 11. HP: 55/55 MP: 21/30
 15514 | Lair:2   | Reached skill level 1 in Fighting
 15681 | Lair:2   | Reached skill level 14 in Spellcasting
 15906 | Lair:2   | Found a hole to the Spider Nest.
 16225 | Lair:2   | Noticed Erica
 16277 | Lair:2   | Slain by Erica

Illustrated notes

Levels and vault maps discovered:
D:1:      eino_arrival_cavern_d, layout_basic,
          hellmonk_ecumenical_altar_blasted, minivault_19,
          hangedman_glass_garden, nicolae_wormholes
D:2:      layout_loops_ring, basic_altar, serial_forest,
          infiniplex_forest_3_way, infiniplex_forest_corner_2,
          infiniplex_forest_lined_3_way, infiniplex_forest_clump_tiny,
          infiniplex_forest_end_2
D:3:      minmay_evil_eye, layout_basic, mainiacjoe_overflow_six_doors_small,
          serial_shops, shop_fountains, serial_bayou_lagoon_a,
          minmay_misc_feat_four_crosses, uniq_ijyb
D:4:      layout_basic
D:5:      layout_gridville, lemuel_flame_loot_1, uniq_sigmund
D:6:      layout_loops_ring, minmay_temple_entry_proselytizer
D:7:      minmay_angry_zag, layout_cave_pools, nicolae_tso_besieged_by_evil
D:8:      layout_rooms, mainiacjoe_overflow_alcove_1, special_room
          [special_room_kobold], uniq_prince_ribbit1, uniq_maggie, uniq_pikel
D:9:      layout_basic, lair_entry_dummy, minmay_orc_entry_temple_small
D:10:     layout_loops_ring, mainiacjoe_overflow_boulevard
Temple:   regret_index_temple_mists
Lair:1:   layout_cave_pods, minmay_stone_trees_small, pond
Lair:2:   layout_regular_city, nicolae_spider_entry_non_spiders, uniq_erica

Skill      XL: |  1  2  3  4  5  6  7  8  9 10 11 |
---------------+----------------------------------+-----
Dodging        | 3 4 5 6 |  6.0
Spellcasting   | 5 6 8 10 12 13 14 | 14.0
Conjurations   | 2 3 4 5 6 8 9 |  9.8
Air Magic      | 1 2 3 |  3.1
Poison Magic   | 1 2 3 4 |  4.0
Fire Magic     | 1 2 3 4 |  4.1
Translocations | 2 3 |  3.9
Summonings     | 2 5 |  5.5
Armour         | 1 |  1.9
Evocations     | 2 |  2.7
Fighting       | 1 |  1.0
Stealth        | |  2.6

Action                   |  1- 3 |  4- 6 |  7- 9 | 10-12 || total
-------------------------+-------+-------+-------+-------++-------
Melee: Dagger            |     5 |     1 |       |       ||     6
       Short sword       |       |       |       |     1 ||     1
 Cast: Magic Dart        |   114 |   134 |   382 |   333 ||   963
       Blink             |     3 |     5 |    15 |    19 ||    42
       Mephitic Cloud    |     1 |    14 |    19 |    26 ||    60
       Conjure Flame     |       |     3 |    32 |    28 ||    63
Invok: Call Merchant     |       |       |       |     1 ||     1
Evoke: Wand              |       |       |       |    18 ||    18
  Use: Scroll            |       |     4 |     4 |     8 ||    16
       Potion            |       |     1 |       |       ||     1
Armor: Robe              |     7 |    12 |    34 |       ||    53
       Ring mail         |       |       |       |    58 ||    58
Dodge: Dodged            |    17 |    24 |    95 |    88 ||   224
